 Dungeon Crawl Stone Soup version 0.31-a0-833-gc15d34cb79 (webtiles) character file.

Game seed: 614493027455129932

3466 Leeroy the Grappler (level 9, 0/118 HPs)
             Began as a Troll Shapeshifter on Sept 25, 2023.
             Was a Follower of Wu Jian.
             Slain by a two-headed ogre
             ... wielding a +0 giant spiked club
              (4 damage)
             ... on level 8 of the Dungeon.
             The game lasted 00:08:16 (5515 turns).

Leeroy the Grappler (Troll Shapeshifter)            Turns: 5515, Time: 00:08:17

Health: 0/118      AC: 24    Str: 34    XL:     9   Next: 78%
Magic:  0/17       EV:  1    Int:  6    God:    Wu Jian [*.....]
Gold:   369        SH:  0    Dex:  9    Spells: 8/8 levels left

rFire   . .          .
                       - Unarmed
rCold   . . .        (no shield)
rNeg    . . .        y - melded +2 robe {rN+}
rPois   +            (helmet currently unavailable)
rElec   .            (cloak currently unavailable)
rCorr   .            (gloves unavailable)
SInv    .            (boots unavailable)
Will    .....        q - amulet of guardian spirit
Stlth   +            j - +6 ring of strength
HPRegen 1.19/turn    n - ring of magical power
MPRegen 0.15/turn

%: guardian spirit
@: tree-form
A: stationary, stasis, torment immunity, boosted hp, large, unfitting armour,
(claws 3), regeneration 1, (shaggy fur 1), (tough skin 1)
a: Renounce Religion


You were on level 8 of the Dungeon.
You worshipped Wu Jian.
Wu Jian was aware of your devotion.
You were a tree.
You visited 2 branches of the dungeon, and saw 9 of its levels.

You collected 369 gold pieces.

Inventory:

Hand Weapons
 u - the +5 dagger of Jiboda {heavy, *Slow rPois Will- Dex+7}
   (You found it on level 4 of the Dungeon)

   Dex+7:     It affects your dexterity (+7).
   rPois:     It protects you from poison Will-: It decreases your willpower.
   *Slow:     It may slow you when you take damage.
 x - a +1 whip of freezing
Missiles
 s - 3 poisoned darts
Armour
 a - a +0 animal skin
 v - a +0 pair of boots
 y - a +2 robe of positive energy (melded)
Magical Staves
 g - a staff of conjuration
Jewellery
 j - a +6 ring of strength (left branch)
 n - a ring of magical power (right branch)
 q - an amulet of guardian spirit (around neck)
 t - a +6 ring of intelligence
 F - a ring of ice
 G - an amulet of faith
Talismans
 c - a beast talisman
 d - a flux talisman
Wands
 l - a wand of iceblast (30)
 w - a wand of light (7)
Scrolls
 f - 2 scrolls of fear
 i - 2 scrolls of blinking
 m - 3 scrolls of amnesia
 r - 4 scrolls of teleportation
 A - 2 scrolls of enchant armour
 B - a scroll of vulnerability {unknown}
 C - a scroll of enchant weapon {unknown}
 E - a scroll of revelation {unknown}
Potions
 e - 3 potions of heal wounds {unknown}
 k - a potion of invisibility {unknown}
 o - a potion of mutation {unknown}
 p - a potion of might {unknown}
 z - a potion of ambrosia {unknown}
 D - 3 potions of curing {unknown}


   Skills:
 - Level 2.1 Fighting
 - Level 1.5 Dodging
 - Level 10.1 Unarmed Combat
 + Level 9.6 Shapeshifting


You had 8 spell levels left.
You didn't know any spells.
Your spell library contained the following spells:

 Spells                   Type           Power      Damage    Failure   Level
 Conjure Ball Lightning   Conj/Air       0%         3x3d6     100%        6
 Discord                  Hex            0%         N/A       100%        8
 Disjunction              Tloc           0%         N/A       100%        8


Dungeon Overview and Level Annotations

Branches:
Dungeon (8/15)             Temple (1/1) D:6
   Lair: D:8-11

Altars:
Cheibriados
Dithmenos
Elyvilon
Fedhas
Gozag
Hepliaklqana
Kikubaaqudgha
Makhleb
Nemelex Xobeh
Okawaru
Qazlal
Ru
Sif Muna
Trog
Uskayaw
Vehumet
Wu Jian
Xom
Yredelemnul
Zin
The Shining One

Shops:
D:2 =   D:3 =

Annotations:
D:2 1 runed translucent door, Crazy Yiuf
D:5 exclusion: statue
D:8 Maurice


Innate Abilities, Weirdness & Mutations

You are a tree.
Your roots penetrate the ground, keeping you stationary.
You cannot be teleported.
You are immune to unholy pain and torment.
Your maximum health is greatly increased.
Your equipment is partially melded.
You are too large for most types of armour.
((You have claws for hands.))
Your natural rate of healing is unusually fast.
((You are covered in fur. (AC +1)))
((You have tough skin. (AC +1)))


Message History

The Council accepts your kill.
The rime drake bites you but does no damage.
You cannot move.
You hit the two-headed ogre.
The two-headed ogre is lightly wounded.
The ice encasing you melts away.
The rime drake bites you but does no damage.
You hit the two-headed ogre.
The two-headed ogre is lightly wounded.
The rime drake breathes ice at you. The icy flash freeze hits you!!
You are encased in ice.
The two-headed ogre hits you but does no damage.
The two-headed ogre hits you with a +0 giant club!
* * * LOW HITPOINT WARNING * * *
You thrash the two-headed ogre!!!
The two-headed ogre is severely wounded.
You hear a shout!
The rime drake bites you.
* * * LOW HITPOINT WARNING * * *
The two-headed ogre hits you with a +0 giant spiked club!
* * * LOW HITPOINT WARNING * * *
The two-headed ogre hits you but does no damage.
Okay, then.
As you read the scroll of fear, it crumbles to dust.
You assume a fearsome visage.
The rime drake looks frightened!
The two-headed ogre looks frightened!
You hear the slow hiss of an avalanche of sand very nearby.
Aiming: Bolt of Light
Press: ? - help, Shift-Dir - straight line, f - two-headed ogre
Aim: a two-headed ogre, wielding a +0 giant spiked club and a +0 giant club (severely wounded, fleeing, 86% to hit)
The bolt of light hits the two-headed ogre!
The two-headed ogre is almost dead.
Your attack snaps the two-headed ogre out of its fear.
The two-headed ogre is blinded.
The ice encasing you melts away.
The two-headed ogre hits you with a +0 giant spiked club!
* * * LOW HITPOINT WARNING * * *
The two-headed ogre hits you with a +0 giant club.
You die...

.## ..# ..# #
.. .. .# ..~
###.
....###.O#
.....~..♣##
......#)#.#
.........<##
.#.#....#.k#
#..........#
###........#
#........##
....#......
..#.....##.##


You could see a two-headed ogre (blind) and a rime drake (fleeing).

Vanquished Creatures
  Pikel (D:4)
  A wyvern (D:7)
  Eustachio (D:4)
  2 water moccasins
  2 ice beasts
  An orc warrior (D:7)
  4 black bears
  5 ogres
  3 centaurs
  A wolf (D:8)
  2 phantoms
  2 bullfrogs (D:7)
  A scorpion (D:5)
  A howler monkey (D:6)
  3 orc priests
  2 jellies
  4 iguanas
  3 sleepcaps (D:5)
  8 orc wizards
  3 gnolls
  10 adders
  2 shadow imps (D:7)
  2 white imps (D:7)
  A worm (D:2)
  15 orcs
  3 endoplasms
  3 giant cockroaches
  15 goblins
  4 hobgoblins
  5 quokkas
  3 ball pythons
  3 bats
  2 frilled lizards (D:1)
  4 kobolds
  3 rats
125 creatures vanquished.

Notes
Turn   | Place    | Note
-------+----------+-------------------------------------------
     0 | D:1      | Leeroy the Troll Shapeshifter began the quest for the Orb.
     0 | D:1      | Reached XP level 1. HP: 18/18 MP: 0/0
   636 | D:2      | Reached XP level 2. HP: 26/26 MP: 1/1
   678 | D:2      | Found Asamex's Jewellery Boutique.
   809 | D:2      | Reached XP level 3. HP: 32/32 MP: 2/2
   958 | D:3      | Found Eresy's Jewellery Shoppe.
  1153 | D:3      | Reached skill level 4 in Unarmed Combat
  1153 | D:3      | Reached XP level 4. HP: 38/40 MP: 3/3
  1291 | D:3      | Found a faded altar of an unknown god.
  1606 | D:2      | Reached XP level 5. HP: 41/46 MP: 4/4
  1805 | D:2      | Found a runed translucent door.
  1806 | D:2      | Noticed Crazy Yiuf
  2004 | D:2      | Reached skill level 5 in Unarmed Combat
  2211 | D:4      | Noticed Eustachio
  2232 | D:4      | Killed Eustachio
  2233 | D:4      | Reached skill level 6 in Unarmed Combat
  2233 | D:4      | Reached XP level 6. HP: 47/54 MP: 5/5
  2276 | D:4      | Identified the +5 dagger of Jiboda {heavy, *Slow rPois
                  | Will- Dex+7}
  2434 | D:4      | Noticed Pikel
  2456 | D:4      | Killed Pikel
  2457 | D:4      | Reached XP level 7. HP: 9/61 MP: 3/6
  2783 | D:4      | Reached skill level 1 in Fighting
  2783 | D:4      | Reached XP level 8. HP: 72/72 MP: 7/7
  3115 | D:5      | Entered Level 5 of the Dungeon
  3371 | D:5      | Reached skill level 7 in Unarmed Combat
  3449 | D:5      | Reached skill level 8 in Unarmed Combat
  3517 | D:5      | Identified the +2 leather armour "Qeacinoa" {Int+2}
  3833 | D:5      | Found a radiant altar of Vehumet.
  3962 | D:5      | Reached skill level 9 in Unarmed Combat
  4129 | D:6      | Reached XP level 9. HP: 23/79 MP: 4/8
  4315 | D:6      | Found a staircase to the Ecumenical Temple.
  4338 | Temple   | Entered the Ecumenical Temple
  4350 | Temple   | Became a worshipper of the Wu Jian Council
  4476 | D:6      | Found an iron altar of Okawaru.
  4484 | D:6      | Reached skill level 10 in Unarmed Combat
  5094 | D:7      | Reached * piety under Wu Jian
  5470 | D:8      | Noticed a rime drake
  5471 | D:8      | Noticed Maurice
  5509 | D:8      | Noticed a two-headed ogre
  5515 | D:8      | HP: 4/118 [two-headed ogre/+0 giant spiked club (8)]
  5515 | D:8      | Slain by a two-headed ogre

Illustrated notes

Levels and vault maps discovered:
D:1:      minmay_arrival_plants_in_alcoves, layout_loops_cross,
          hangedman_decor_riveting, minmay_tripent
D:2:      layout_loops_ring, serial_shops, shop, uniq_crazy_yiuf_cottage
D:3:      layout_rooms, shapermc_ecumenical_altar_totnotflames, serial_glass,
          glass_columns_c, glass_columns_a, serial_shops, shop,
          minmay_misc_feat_ornament, fountainhead,
          chequers_serial_rivers_small_a
D:4:      layout_loops_ring, grunt_ministairs_15, minmay_ogre_servants,
          uniq_eustachio, uniq_pikel
D:5:      layout_gridville, vehumet_statue
D:6:      layout_cave_pools, kennysheep_okawaru_gauntlet,
          minmay_temple_entry_mist, minmay_misc_feat_doors,
          chequers_decorated_corner, chequers_hall_statues_wall_a
D:7:      layout_gridville, minmay_chambers_of_fives
D:8:      layout_cave_pools, kennysheep_little_box, hellmonk_lair_entry_icy,
          enter_ossuary_1, uniq_maurice
Temple:   nicolae_temple_bog_church

Skill      XL: |  1  2  3  4  5  6  7  8  9 |
---------------+----------------------------+-----
Shapeshifting  | 4 6 7 9 |  9.6
Unarmed Combat | 4 6 9 10 | 10.1
Fighting       | 1 2 |  2.1
Dodging        | |  1.5

Action                     |  1- 3 |  4- 6 |  7- 9 || total
---------------------------+-------+-------+-------++-------
  Melee: Unarmed           |    48 |    55 |   189 ||   292
         Punch             |     3 |     2 |     7 ||    12
Ability: Lunge             |       |       |     6 ||     6
         Whirlwind         |       |       |     2 ||     2
  Evoke: Wand              |       |       |     5 ||     5
    Use: Scroll            |       |       |     6 ||     6
         Potion            |       |       |     1 ||     1
   Stab: Sleeping          |       |       |     2 ||     2
 Armour: Animal skin       |    37 |    25 |       ||    62
         Robe              |       |       |   161 ||   161
         Skin              |       |       |    15 ||    15
  Dodge: Dodged            |    37 |    21 |    60 ||   118

Table legend: (Time is in decaauts)
 A = Elapsed time spent in this place.
 B = Non-inter-level travel time spent in this place.
 C = Inter-level travel time spent in this place.
 D = Time resting spent in this place.
 E = Time spent auto-exploring this place.
 F = Levels seen in this place.
 G = Mean time per level.
                   A        B        C        D        E       F      G
               +--------+--------+--------+--------+--------+-----+--------+
         Total |   5481 |   5209 |    272 |    279 |   4031 |   9 |  609.0 |
       Dungeon |   5458 |   5195 |    263 |    279 |   4031 |   8 |  682.2 |
        Temple |     22 |     13 |      9 |      0 |      0 |   1 |   22.0 |
               +--------+--------+--------+--------+--------+-----+--------+

Top non-repeatable levels by time:
     D:5: 936 daAuts
     D:4: 927 daAuts
     D:2: 875 daAuts
     D:7: 830 daAuts
     D:1: 666 daAuts
     D:3: 638 daAuts
     D:6: 556 daAuts
     D:8: 29 daAuts
  Temple: 22 daAuts
